 Dungeon Crawl Stone Soup version 0.29-a0-617-g7a6b98fccd (webtiles) character file.

Game seed: 16082249642278480031

1890 zeratav the Tainter (level 9, -9/53 HPs)
             Began as an Octopode Venom Mage on June 17, 2022.
             Shot with an arrow by a centaur (13 damage)
             ... on level 7 of the Dungeon.
             The game lasted 00:22:11 (8189 turns).

zeratav the Tainter (Octopode Venom Mage)           Turns: 8189, Time: 00:22:11

Health: -9/53      AC:  1    Str:  7    XL:     9   Next: 15%
Magic:  18/18      EV: 13    Int: 22    God:
Gold:   397        SH:  5    Dex: 12    Spells: 11/20 levels left

rFire   . . .      SeeInvis .   r - +8 falchion "Xakhetepp" {spect, rPois, long}
rCold   + + .      Faith    .   (no shield)
rNeg    . . .      Spirit   .   (helmet restricted)
rPois   +          Reflect  +   f - amulet of reflection
rElec   .          Harm     .   q - ring of protection from cold
rCorr   .          Rampage  .   E - ring of protection from cold
Will    .....                   (no ring)
Stlth   ++++......              (no ring)
HPRegen 0.17/turn               (no ring)
MPRegen 0.16/turn               (no ring)
                                (no ring)
                                (no ring)

@: no status effects
A: almost no armour, amphibious, 8 rings, camouflage 1, gelatinous body 1,
(nimble swimmer 1), tentacles
a: no special abilities


You were on level 7 of the Dungeon.
You visited 1 branch of the dungeon, and saw 7 of its levels.
You also visited: Sewer.

You collected 397 gold pieces.


Innate Abilities, Weirdness & Mutations

You cannot wear most types of armour.
You are amphibious.
You can wear up to eight rings at the same time.
Your skin changes colour to match your surroundings (Stealth+).
Your rubbery body absorbs attacks. (AC +1, EV +1)
((You are camouflaged when in or above water. (Stealth+)))
You have tentacles for arms and can constrict up to eight enemies at once.


   Skills:
 + Level 1.3 Fighting
 - Level 2.0 Dodging
 - Level 5.0 Stealth
 - Level 6.0 Spellcasting
 + Level 2.4 Transmutations
 - Level 6.0 Ice Magic
 + Level 1.3 Air Magic
 - Level 8.2 Poison Magic


You had 11 spell levels left.
You knew the following spells:

 Your Spells              Type           Power      Damage    Failure   Level
a - Sting                 Tmut/Pois      100%       1d8       1%          1
b - Olgreb's Toxic Radia  Pois           42%        N/A       3%          4
c - Ice Form              Ice/Tmut       25%        N/A       16%         4

Your spell library contained the following spells:

 Spells                   Type           Power      Damage    Failure   Level
 Poisonous Vapours        Pois/Air       54%        N/A       1%          2
 Frozen Ramparts          Ice            66%        1d8       2%          3
 Ensorcelled Hibernation  Hex/Ice        38%        N/A       4%          2
 Mephitic Cloud           Conj/Pois/Air  20%        N/A       8%          3
 Passwall                 Tmut/Erth      10%        N/A       9%          2
 Blink                    Tloc           12%        N/A       14%         2
 Swiftness                Air            12%        N/A       16%         3
 Gell's Gravitas          Tloc           6%         N/A       26%         3
 Teleport Other           Tloc           6%         N/A       26%         3
 Summon Ice Beast         Ice/Summ       19%        N/A       26%         4
 Manifold Assault         Tloc           6%         N/A       94%         5
 Dispersal                Tloc           3%         N/A       100%        6
 Storm Form               Tmut/Air       7%         N/A       100%        7

Inventory:

Hand Weapons
 g - a +2 dagger of electrocution {short}
   (You took it off a kobold on level 2 of the Dungeon)
 r - the +8 falchion "Xakhetepp" (weapon) {spect, rPois, long}
   (You found it on level 3 of the Dungeon)

   When its wielder attacks, the weapon's spirit leaps out and strikes again.
   The spirit shares a part of any damage it takes with its wielder.
   rPois:     It protects you from poison.
 u - a +0 demon whip of electrocution {mace}
   (You found it on level 4 of the Dungeon)
Jewellery
 f - an amulet of reflection (around mantle)
   (You found it on level 1 of the Dungeon)
 q - a ring of protection from cold (left tentacle)
   (You found it on level 2 of the Dungeon)
 E - a ring of protection from cold (right tentacle)
   (You found it on level 6 of the Dungeon)
Wands
 n - a wand of flame (30)
   (You took it off Terence on level 2 of the Dungeon)
 p - a wand of light (3)
   (You took it off Jessica on level 2 of the Dungeon)
 z - a wand of charming (2)
   (You found it on level 5 of the Dungeon)
 C - a wand of iceblast (13)
   (You found it on level 5 of the Dungeon)
 F - a wand of polymorph (12)
   (You took it off Grinder on level 6 of the Dungeon)
Scrolls
 h - 2 scrolls of enchant weapon
 i - 2 scrolls of vulnerability {!r!r}
 k - 5 scrolls of poison
 s - 2 scrolls of silence {unknown}
 t - 2 scrolls of amnesia
 w - 4 scrolls of teleportation {@r4}
 y - 2 scrolls of enchant armour
 B - a scroll of fear {unknown}
 H - a scroll of magic mapping {unknown}
Potions
 a - a potion of magic
 c - 3 potions of curing {@q1}
 d - a potion of degeneration {unknown}
 e - a potion of ambrosia {unknown}
 j - a potion of resistance {unknown}
 l - a potion of haste {unknown}
 m - a potion of brilliance {unknown}
 o - a potion of lignification {unknown}
 v - a potion of attraction {unknown}
 x - a potion of mutation {unknown}
 A - a potion of berserk rage {!q}
 D - a potion of invisibility {unknown}
 G - a potion of flight {unknown}

Dungeon Overview and Level Annotations

Branches:
Dungeon (7/15) Zot: 26993   Sewer (visited)
 Temple: D:4-7

Altars:
Dithmenos
Fedhas
Nemelex Xobeh
Trog

Shops:
D:3 :   D:5 [

Annotations:
D:6 3 runed translucent doors, fernweh's ghost, novice MeCK; jujuben's ghost, novice GrHu

#############.
#.............
#..........!..
#.............
#<....@.c....=
#.............
#.............
#.............
#####.........
##........
##.....#.
######


You could see a centaur.


Message History

HP[-14]
You take 14 damage, and now have 38/52 hp.
MASSIVE DAMAGE!! (PAUSE)
You closely miss Edmund. Your grab misses Edmund. Your squeeze misses Edmund.
Edmund hits you with a +1 flail of protection!!
* * * LOW HITPOINT WARNING * * *
You block Edmund's attack.
HP[-20]
You take 20 damage, and now have 18/52 hp.
MASSIVE DAMAGE!! (PAUSE) Blink to where?
Press: ? - help, Q - select action, (/) - cycle Dir - move target
As you read the scroll of blinking {!r}, it crumbles to dust.
Casting: Olgreb's Toxic Radiance (dangerous; 3% risk of failure)
Confirm with . or Enter, or press ? or * to list all spells.
You begin to radiate toxic energy.
Edmund looks even sicker. x2
MP[-4]
You lost 4 mp, and now have 11/18 mp.
Edmund looks as sick as possible!
MP[+1]
Your toxic aura wanes.
Edmund rages.
Edmund rages.
HP[+1] MP[+1] Blink to where?
Press: ? - help, Q - select action, (/) - cycle Dir - move target
As you read the scroll of blinking {!r}, it crumbles to dust.
Casting: Olgreb's Toxic Radiance (dangerous; 3% risk of failure)
Confirm with . or Enter, or press ? or * to list all spells.
You miscast Olgreb's Toxic Radiance.
You are very lightly contaminated with residual magic.
Nothing appears to happen.
MP[-4]
You lost 4 mp, and now have 9/18 mp.
HP[+1]
Casting: Olgreb's Toxic Radiance (dangerous; 3% risk of failure)
Confirm with . or Enter, or press ? or * to list all spells.
You begin to radiate toxic energy.
MP[-4]
You lost 4 mp, and now have 5/18 mp.
Edmund looks even sicker.
Your toxic aura wanes.
Aiming: Iceblast
Press: ? - help, Q - select action, (/) - cycle Shift-Dir - straight line, f - Edmund
Aim: Edmund, wielding a +1 flail of protection and wearing a +0 ring mail (almost dead, berserk, very poisoned)
The mass of ice explodes!
The iceblast engulfs Edmund!
You kill Edmund!
Your Fighting skill increases to level 1!
Your Air Magic skill increases to level 1!
HP[+1] MP[+1]
You now have 53 max hp (+1).
You start resting.
Your magical contamination has completely faded away.
HP[+32] MP[+12]
Your hp is fully restored (53).
Your mp is fully restored (18).
You pick up a book of Burglary and begin reading...
You add the spells Passwall, Ensorcelled Hibernation and Swiftness to your library.
This spell is quite dangerous to cast!
Memorise Ice Form, consuming 4 spell levels and leaving 11?
You start memorising the spell.
You continue memorising. x4
You finish memorising.
Spell assigned to 'c'.
Unknown command.
Things that are here:
a +1 flail of protection {mace}; a +0 ring mail; the human corpse of Edmund
Things that are here:
a +1 flail of protection {mace}; a +0 ring mail; the human skeleton of Edmund
There is an open door here.
Found a faded altar of an unknown god.
Found a faded altar of an unknown god.
Found a sparkling altar of Nemelex Xobeh.
There is an open door here.
Fernweh's ghost turns its malevolent gaze towards you.
Jujuben's ghost turns its malevolent gaze towards you.
Fernweh's ghost holds its blade at the ready.
There is a stone staircase leading down here.
You climb downwards.
There is a stone staircase leading up here.
The centaur wields a +0 shortbow.
The centaur shoots an arrow.
The arrow hits you!
HP[-11]
You take 11 damage, and now have 42/53 hp.
MASSIVE DAMAGE!! (PAUSE)
The centaur shoots an arrow.
The arrow hits you!
HP[-15]
You take 15 damage, and now have 27/53 hp.
MASSIVE DAMAGE!! (PAUSE)
The centaur shoots an arrow.
The arrow hits you!
* * * LOW HITPOINT WARNING * * *
The centaur shoots an arrow.
The arrow hits you!
* * * LOW HITPOINT WARNING * * *
HP[-23]
You take 23 damage, and now have 4/53 hp.
MASSIVE DAMAGE!! (PAUSE)
Aiming: Charm
Press: ? - help, Q - select action, (/) - cycle Shift-Dir - straight line, f - centaur
Aim: a centaur, wielding a +0 shortbow (chance to affect: 49%)
The centaur resists with some effort.
The centaur shoots an arrow.
The arrow hits you!
You die...

Skill      XL: |  1  2  3  4  5  6  7  8  9 |
---------------+----------------------------+-----
Stealth        | 3 4 5 |  5.0
Poison Magic   | 4 5 6 7 8 |  8.2
Spellcasting   | 3 4 6 |  6.0
Ice Magic      | 6 |  6.0
Transmutations | 2 |  2.4
Fighting       | 1 |  1.3
Air Magic      | 1 |  1.3
Dodging        | |  2.0

Action                   |  1- 3 |  4- 6 |  7- 9 || total
-------------------------+-------+-------+-------++-------
Melee: Whip              |    56 |       |       ||    56
       Unarmed           |     4 |       |       ||     4
       Constrict         |    15 |    14 |    10 ||    39
       Tentacles         |    10 |     7 |    13 ||    30
       Punch             |     2 |     1 |     1 ||     4
       Dagger            |     3 |    13 |       ||    16
       Falchion          |       |    42 |    45 ||    87
 Cast: Sting             |    21 |    26 |       ||    47
       Olgreb's Toxic Ra |       |       |    15 ||    15
Evoke: Wand              |       |       |     5 ||     5
  Use: Potion            |       |     2 |       ||     2
       Scroll            |       |       |     9 ||     9
 Stab: Sleeping          |     2 |     9 |     8 ||    19
       Distracted        |       |       |     2 ||     2
Armor: Skin              |     4 |     1 |       ||     5
Dodge: Dodged            |    57 |    16 |    13 ||    86
Block: Other             |       |    10 |     6 ||    16

Levels and vault maps discovered:
D:1:      dpeg_arrival_boxes_within_box, layout_basic, amcnicky_mini_pool_small
D:2:      layout_rooms, uniq_jessica, uniq_terence
D:3:      layout_basic, lightli_temple_of_fire,
          ebering_ecumenical_altar_sacrificial, serial_shops, shop
D:4:      layout_cave_pods
D:5:      layout_basic, serial_shops, kennysheep_mini_moat, gup_sewer_entry_pipe
D:6:      layout_cave_pods, chequers_temple_overflow_minitemple,
          gammafunk_ghost_cemetery, st_stairs_7, uniq_edmund, uniq_grinder
D:7:      layout_rooms, chei_slow_surprise, makhleb_grotto_becter,
          minmay_temple_entry_junction, serial_shops, nicolae_stop_n_shop_2

Notes
Turn   | Place    | Note
-------+----------+-------------------------------------------
     0 | D:1      | zeratav the Octopode Venom Mage began the quest for the
                  | Orb.
     0 | D:1      | Reached XP level 1. HP: 11/11 MP: 3/3
     0 | D:1      | magus.rc [v1.9.6]
   402 | D:1      | Reached skill level 3 in Stealth
   402 | D:1      | Reached XP level 2. HP: 12/17 MP: 5/5
   411 | D:1      | Reached skill level 4 in Poison Magic
   412 | D:1      | HP: 2/17 [quokka (5)]
   737 | D:1      | HP: 3/17 [dart slug/slug dart (3)]
  1077 | D:1      | Reached XP level 3. HP: 10/21 MP: 2/6
  2161 | D:2      | Reached XP level 4. HP: 14/27 MP: 2/7
  2472 | D:2      | Noticed Terence
  2484 | D:2      | Killed Terence
  2485 | D:2      | Reached skill level 4 in Stealth
  2485 | D:2      | Reached skill level 5 in Poison Magic
  2680 | D:2      | You pick up a book of Rime and begin reading...
  2680 | D:2      | You add the spells Frozen Ramparts, Ice Form and Summon Ice
                  | Beast to your library.
  2830 | D:2      | Noticed Jessica
  2835 | D:2      | Killed Jessica
  2836 | D:2      | Reached XP level 5. HP: 26/31 MP: 4/9
  3131 | D:3      | Identified the +8 falchion "Xakhetepp" {spect, rPois}
  3270 | D:3      | Found Veti's Book Emporium.
  3298 | D:3      | Upgraded the game from 0.29-a0-613-gf2c431b9b9 to
                  | 0.29-a0-617-g7a6b98fccd
  3298 | D:3      | magus.rc [v1.9.6]
  3320 | D:3      | You add the spells Gell's Gravitas, Teleport Other and
                  | Dispersal to your library.
  3397 | D:3      | Found a bloodstained altar of Trog.
  3443 | D:3      | Reached skill level 3 in Spellcasting
  3586 | D:3      | You add the spells Blink, Manifold Assault and Storm Form
                  | to your library.
  3727 | D:3      | Found a faded altar of an unknown god.
  4223 | D:4      | Reached skill level 6 in Poison Magic
  4223 | D:4      | Reached XP level 6. HP: 36/36 MP: 10/10
  4247 | D:4      | Reached skill level 5 in Stealth
  5178 | D:5      | Entered Level 5 of the Dungeon
  5186 | D:5      | Noticed a water moccasin
  5198 | D:4      | HP: 9/36 [poisoned by a water moccasin]
  5198 | D:4      | HP: 2/36 [water moccasin (7)]
  5201 | D:4      | Killed a water moccasin
  5202 | D:4      | Reached skill level 7 in Poison Magic
  5422 | D:5      | Reached XP level 7. HP: 41/41 MP: 12/12
  5456 | D:5      | Found Xisus's Armour Boutique.
  5587 | D:5      | Reached skill level 4 in Spellcasting
  5612 | D:5      | Found a glowing drain.
  5621 | Sewer    | Entered a sewer
  5670 | Sewer    | Noticed Pargi
  5677 | Sewer    | Killed Pargi
  5678 | Sewer    | Reached skill level 8 in Poison Magic
  5700 | Sewer    | Learned a level 4 spell: Olgreb's Toxic Radiance
  5977 | D:5      | Reached XP level 8. HP: 46/46 MP: 13/15
  6050 | D:5      | Reached skill level 5 in Spellcasting
  6605 | D:6      | Reached skill level 6 in Spellcasting
  6605 | D:6      | Reached skill level 2 in Ice Magic
  6727 | D:6      | Reached skill level 3 in Ice Magic
  6967 | D:6      | Found a runed translucent gate.
  6967 | D:6      | Found a runed translucent gate.
  6967 | D:6      | Found a runed translucent gate.
  6971 | D:6      | Noticed fernweh's ghost (novice MeCK)
  6971 | D:6      | Noticed jujuben's ghost (novice GrHu)
  6994 | D:6      | Noticed Grinder
  6995 | D:6      | Paralysed by Grinder for 5 turns
  7001 | D:6      | Killed Grinder
  7002 | D:6      | Reached skill level 4 in Ice Magic
  7285 | D:6      | Reached skill level 5 in Ice Magic
  7325 | D:6      | Reached skill level 6 in Ice Magic
  7325 | D:6      | Reached XP level 9. HP: 51/51 MP: 18/18
  7493 | D:6      | Reached skill level 2 in Transmutations
  7659 | D:6      | Found a shadowy altar of Dithmenos.
  7659 | D:6      | Found a blossoming altar of Fedhas.
  7663 | D:6      | Noticed Edmund
  7688 | D:6      | Killed Edmund
  7689 | D:6      | Reached skill level 1 in Fighting
  7689 | D:6      | Reached skill level 1 in Air Magic
  7878 | D:6      | You pick up a book of Burglary and begin reading...
  7878 | D:6      | You add the spells Passwall, Ensorcelled Hibernation and
                  | Swiftness to your library.
  7884 | D:6      | Learned a level 4 spell: Ice Form
  7930 | D:6      | Found a faded altar of an unknown god.
  7932 | D:6      | Found a faded altar of an unknown god.
  7934 | D:6      | Found a sparkling altar of Nemelex Xobeh.
  8188 | D:7      | HP: 4/53 [centaur/arrow (13)]
  8189 | D:7      | Shot with an arrow by a centaur

Vanquished Creatures
  Grinder (D:6)
  Edmund (D:6)
  2 water moccasins
  A sky beast (D:6)
  Pargi (Sewer)
  2 ice beasts
  An ogre (D:5)
  A centaur (D:5)
  2 bullfrogs (D:6)
  A scorpion (D:5)
  A necrophage (D:5)
  3 wights (D:6)
  2 hounds (D:4)
  A jelly (D:5)
  Jessica (D:2)
  4 iguanas
  Terence (D:2)
  An orc wizard (D:4)
  4 gnolls (D:3)
  2 adders (D:2)
  2 white imps
  An ufetubus (D:5)
  3 worms
  6 dart slugs
  5 orcs
  3 ball pythons
  5 endoplasms
  6 giant cockroaches
  5 goblins
  9 hobgoblins
  4 jackals (D:1)
  6 quokkas
  8 bats
  A frilled lizard (D:1)
  11 kobolds
  5 rats
113 creatures vanquished.

Table legend:
 A = Non-vault XP
 B = Vault XP
 C = Vault XP percentage of total XP
 D = Non-vault monster count
 E = Vault monster count
 F = Vault count percentage of total count
                 A         B        C        D         E       F
            +---------+---------+-------+---------+---------+-------
      Total |    1933 |     767 |  28.4 |      99 |      14 |  12.4
            +---------+---------+-------+---------+---------+-------
        D:1 |      47 |       0 |   0.0 |      26 |       0 |   0.0
        D:2 |      61 |      73 |  54.5 |      18 |       2 |  10.0
        D:3 |      79 |       0 |   0.0 |      14 |       0 |   0.0
        D:4 |     301 |       0 |   0.0 |      17 |       0 |   0.0
        D:5 |     625 |      12 |   1.9 |      12 |       6 |  33.3
        D:6 |     820 |     547 |  40.0 |      12 |       3 |  20.0
      Sewer |       0 |     135 | 100.0 |       0 |       3 | 100.0
            +---------+---------+-------+---------+---------+-------

Illustrated notes

Table legend:
 A = Kills in this place as a percentage of kills in entire the game.
 B = Kills by you in this place as a percentage of kills by you in the entire game.
 C = Kills by friends in this place as a percentage of kills by friends in the entire game.
 D = Other kills in this place as a percentage of other kills in the entire game.
 E = Experience gained in this place as a percentage of experience gained in the entire game.
 F = Experience gained in this place divided by the number of levels of this place that you have seen.
                   A       B       C       D       E      F
               +-------+-------+-------+-------+-------+----------------------
         Total | 100.0 | 100.0 |   N/A |   N/A | 100.0 | 337.5
       Dungeon |  97.3 |  97.3 |   N/A |   N/A |  95.0 | 366.4
         Sewer |   2.7 |   2.7 |   N/A |   N/A |   5.0 | 135.0
               +-------+-------+-------+-------+-------+----------------------

Table legend: (Time is in decaauts)
 A = Elapsed time spent in this place.
 B = Non-inter-level travel time spent in this place.
 C = Inter-level travel time spent in this place.
 D = Time resting spent in this place.
 E = Time spent auto-exploring this place.
 F = Levels seen in this place.
 G = Mean time per level.
                   A        B        C        D        E       F      G
               +--------+--------+--------+--------+--------+-----+--------+
         Total |   8217 |   7874 |    343 |   2505 |   3329 |   8 | 1027.1 |
       Dungeon |   8119 |   7776 |    343 |   2475 |   3329 |   7 | 1159.9 |
         Sewer |     98 |     98 |      0 |     30 |      0 |   1 |   98.0 |
               +--------+--------+--------+--------+--------+-----+--------+

Top non-repeatable levels by time:
     D:1: 2031 daAuts
     D:6: 1806 daAuts
     D:4: 1406 daAuts
     D:2: 1033 daAuts
     D:3: 930 daAuts
     D:5: 906 daAuts
   Sewer: 98 daAuts
     D:7: 5 daAuts
